 Dungeon Crawl Stone Soup version 0.30-a0-986-g7f2e898f52 (webtiles) character file.

Game seed: 9327738102624620773

31 CoinPitGoblin the Vexing (level 3, 0/24 HPs)
             Began as a Demonspawn Enchanter on Apr 2, 2023.
             Slain by a kobold
             ... wielding a +2 dagger of speed
              (4 damage)
             ... on level 2 of the Dungeon.
             The game lasted 00:08:30 (1260 turns).

CoinPitGoblin the Vexing (Demonspawn Enchanter)     Turns: 1260, Time: 00:08:31

Health: 0/24       AC:  2    Str:  8    XL:     3   Next: 7%
Magic:  0/6        EV: 14    Int: 18    God:
Gold:   75         SH:  0    Dex: 13    Spells: 4/6 levels left

rFire   . . .      SeeInvis .    a - +1 dagger
rCold   . . .      Faith    .    f - orb {mayhem}
rNeg    . . .      Spirit   .    b - +0 robe
rPois   .          Reflect  .    (no helmet)
rElec   .          Rampage  .    (no cloak)
rCorr   .                        (no gloves)
Will    .....                    (no boots)
Stlth   ++                       e - amulet of the acrobat
HPRegen 0.24/turn                (no ring)
MPRegen 0.10/turn                (no ring)

@: very slightly contaminated, invisible
A: repulsion field 1, powered by death 1
a: no special abilities


You were on level 2 of the Dungeon.
You visited 1 branch of the dungeon, and saw 2 of its levels.

You collected 75 gold pieces.

Inventory:

Hand Weapons
 a - a +1 dagger (weapon)
Armour
 b - a +0 robe (worn)
 f - an orb of mayhem (worn)
Jewellery
 e - an amulet of the acrobat (around neck)
Scrolls
 h - a scroll of brand weapon {unknown}
 i - a scroll of noise {unknown}
Potions
 d - a potion of lignification
 g - a potion of attraction {unknown}


   Skills:
 + Level 0.2 Fighting
 - Level 0.8 Short Blades
 + Level 2.7 Dodging
 - Level 2.6 Stealth
 + Level 2.1 Spellcasting
 + Level 3.4 Hexes


You had 4 spell levels left.
You knew the following spells:

 Your Spells              Type           Power      Damage    Failure   Level
a - Ensorcelled Hibernat  Hex/Ice        16%        N/A       14%         2

Your spell library contained the following spells:

 Spells                   Type           Power      Damage    Failure   Level
 Confusing Touch          Hex            14%        N/A       13%         3
 Tukima's Dance           Hex            14%        N/A       13%         3
 Dazzling Flash           Conj/Hex       16%        N/A       26%         3


Dungeon Overview and Level Annotations

Branches:
Dungeon (2/15)

Altars:


Innate Abilities, Weirdness & Mutations

You are surrounded by a mild repulsion field. (EV +2)
You regenerate a little health from kills.


Message History

You are very lightly contaminated with residual magic.
Nothing appears to happen.
The kobold hits you with a +2 dagger of speed.
Sorry, you're not good enough to have a special ability.
Casting: Ensorcelled Hibernation (safe; 14% risk of failure)
Confirm with . or Enter, or press ? or * to list all spells.
Aiming: Ensorcelled Hibernation (safe; 14% risk of failure)
Press: ? - help, Shift-Dir - straight line, f/p - kobold
Aim: a kobold, wielding a +2 dagger of speed and quivering stones (severely wounded, chance to affect: 59%)
The kobold resists with significant effort.
The kobold closely misses you. The kobold hits you but does no damage.
Casting: Ensorcelled Hibernation (safe; 14% risk of failure)
Confirm with . or Enter, or press ? or * to list all spells.
Aiming: Ensorcelled Hibernation (safe; 14% risk of failure)
Press: ? - help, Shift-Dir - straight line, f/p - kobold
Aim: a kobold, wielding a +2 dagger of speed and quivering stones (severely wounded, chance to affect: 59%)
The kobold resists with significant effort.
The kobold hits you with a +2 dagger of speed.
* * * LOW HITPOINT WARNING * * *
Okay, then.
Hit: a) +1 dagger
Press: ? - help, Dir - move target, f/p - kobold
Aim: a kobold, wielding a +2 dagger of speed and quivering stones (severely wounded, about 44% to evade your +1 dagger)
Okay, then.
You closely miss the kobold.
The kobold is severely wounded.
The kobold hits you with a +2 dagger of speed.
* * * LOW HITPOINT WARNING * * *
The kobold closely misses you.
You barely miss the kobold.
The kobold is heavily wounded.
The kobold hits you but does no damage.
You fade into invisibility!
The kobold closely misses you.
The kobold hits you with a +2 dagger of speed.
* * * LOW HITPOINT WARNING * * *
You barely miss the kobold.
The kobold is heavily wounded.
The kobold hits you with a +2 dagger of speed.
You die...

#>##
#.##.
.
#.##.
###
#.##.
#..
..##.
#.#
.###.
#.# .
#.#
#K#
#@#
#.#
#<#
#.#
#.#
#..
...
####


You could see a kobold (unable to see you).

Vanquished Creatures
  2 ball pythons
  4 bats
  An endoplasm (D:1)
  A giant cockroach (D:1)
  A goblin (D:1)
  A hobgoblin (D:1)
  8 jackals
  2 quokkas (D:1)
  2 frilled lizards
  3 kobolds (D:1)
  A rat (D:1)
26 creatures vanquished.

Notes
Turn   | Place    | Note
-------+----------+-------------------------------------------
     0 | D:1      | CoinPitGoblin the Demonspawn Enchanter began the quest for
                  | the Orb.
     0 | D:1      | Reached XP level 1. HP: 13/13 MP: 3/3
   342 | D:2      | Gained mutation: You are surrounded by a mild repulsion
                  | field. (EV +2) [demonic ancestry]
   342 | D:2      | Reached XP level 2. HP: 19/19 MP: 5/5
   430 | D:1      | Learned a level 2 spell: Ensorcelled Hibernation
   762 | D:1      | Gained mutation: You regenerate a little health from kills.
                  | [demonic ancestry]
   762 | D:1      | Reached XP level 3. HP: 24/24 MP: 6/6
  1031 | D:1      | You fall into a shaft and drop 1 floor!
  1260 | D:2      | Slain by a kobold

Illustrated notes

Levels and vault maps discovered:
D:1:      ncdulo_wetmaze, layout_loops_ring
D:2:      layout_loops_ring, nicolae_kite_square_tiling_tiny, uniq_natasha

Skill      XL: |  1 |
---------------+----+-----
Dodging        | 2 |  2.7
Fighting       | |  0.2
Short Blades   | |  0.8
Stealth        | |  2.6
Spellcasting   | |  2.1
Hexes          | |  3.4

Action                     || total
---------------------------++-------
  Melee: Dagger            ||   121
  Throw: Stone             ||     7
   Cast: Ensorcelled Hiber ||     3
    Use: Potion            ||     2
         Scroll            ||     2
   Stab: Invisible         ||     1
         Sleeping          ||     3
 Armour: Robe              ||    29
  Dodge: Dodged            ||    95

Table legend: (Time is in decaauts)
 A = Elapsed time spent in this place.
 B = Non-inter-level travel time spent in this place.
 C = Inter-level travel time spent in this place.
 D = Time resting spent in this place.
 E = Time spent auto-exploring this place.
 F = Levels seen in this place.
 G = Mean time per level.
                   A        B        C        D        E       F      G
               +--------+--------+--------+--------+--------+-----+--------+
         Total |   1266 |   1209 |     57 |    230 |    590 |   2 |  633.0 |
       Dungeon |   1266 |   1209 |     57 |    230 |    590 |   2 |  633.0 |
               +--------+--------+--------+--------+--------+-----+--------+

Top non-repeatable levels by time:
     D:1: 1085 daAuts
     D:2: 181 daAuts
